 Dungeon Crawl Stone Soup version 0.30.0-5-g1a98f26d00 (webtiles) character file.

Game seed: 17776591637461522075

2 NinjaNoafa the Sneak (level 1, 0/19 HPs)
             Began as an Armataur Delver on May 8, 2023.
             Slain by an ufetubus (2 damage)
             ... on level 4 of the Dungeon.
             The game lasted 00:01:01 (87 turns).

NinjaNoafa the Sneak (Armataur Delver)                Turns: 87, Time: 00:01:01

Health: 0/19       AC:  4    Str: 17    XL:     1   Next: 33%
Magic:  1/1        EV:  9    Int: 10    God:
Gold:   0          SH:  0    Dex: 11    Spells: 0/0 levels left

rFire   . . .        a - +0 mace
rCold   . . .        (no shield)
rNeg    . . .        b - +0 leather armour
rPois   .            (no helmet)
rElec   .            (no cloak)
rCorr   .            (no gloves)
SInv    .            (no barding)
Will    .....        (no amulet)
Stlth   +++          (no ring)
HPRegen 0.23/turn    (no ring)
MPRegen 0.07/turn

%: roll
@: hasted, very quick
A: large, rugged brown scales 3, deformed body, armoured tail, roll, long
tongue, awkward tongue
a: no special abilities


You were on level 4 of the Dungeon.
You visited 1 branch of the dungeon, and saw 2 of its levels.

Inventory:

Hand Weapons
 a - a +0 mace (weapon)
Armour
 b - a +0 leather armour (worn)
Wands
 g - a wand of digging (3)
Scrolls
 d - a scroll of magic mapping
 h - a scroll of teleportation {unknown}
 i - a scroll of identify {unknown}


   Skills:
 - Level 2.6 Fighting
 + Level 2.0 Maces & Flails
 - Level 1.3 Dodging
 - Level 5.4 Stealth


You couldn't memorise any spells.
You didn't know any spells.
Your spell library was empty.

Dungeon Overview and Level Annotations

Branches:
Dungeon (5/15) Zot: 11917
 Temple: D:4-7

Altars:

Annotations:
D:4 Menkaure, Robin


Innate Abilities, Weirdness & Mutations

You are completely covered in rugged brown scales. (AC +3, +7% HP)
Armour fits poorly on your strangely shaped body.
You have a long armoured tail.
You roll when moving toward enemies. (Rampage)
Your long tongue fully drains potion bottles. (2x potion effects)
Your tongue gives you trouble enunciating. (1.5x scroll delay)


Message History

There is a stone staircase leading down here.
A kobold comes into view.
It is wielding a +0 dagger. 2 gnolls come into view.
The gnoll shouts!
You hear a shout! x2
A goblin comes into view. It is wielding a +0 club.
The gnoll moves out of view.
You hear a shout! x5
A gnoll comes into view. It is wielding a +0 club.
You hear a shout! x2; The gnoll shouts!
You hear a shout!
You sock the goblin!
You kill the goblin!
You hear a shout! x2
Menkaure, Prince of Dust comes into view.
The ufetubus hits you.
* * * LOW HITPOINT WARNING * * *
The ufetubus closely misses you.
Robin, 2 hobgoblins and 6 goblins come into view.
Robin shouts!
The goblin shouts!
Robin roars a battlecry!
The goblins go into a battle-frenzy!
Things that are here:
a +0 club; a goblin corpse You hit the goblin.
You kill the goblin!
The ufetubus closely misses you. x2
Your Maces & Flails skill increases to level 2!
Unknown command.
As you slowly read the scroll of fear, it crumbles to dust.
You assume a fearsome visage.
Robin looks frightened!
The goblin looks frightened! x2; The hobgoblin looks frightened!
The goblin looks frightened!
The hobgoblin looks frightened!
The goblin looks frightened!
The ufetubus resists with some effort.
The gnoll looks frightened!
The kobold looks frightened!
The ufetubus hits you.
* * * LOW HITPOINT WARNING * * *
The ufetubus closely misses you.
The goblin hums to itself desperately, trying to keep calm.
Unknown command.
As you slowly read the scroll of fog, it crumbles to dust.
The scroll dissolves into smoke.
The ufetubus hits you.
You die... ### #g# #.. .g## #g. .gg

g.## ..# #
g.# gg
#.#.# §#
#.#§##§#
#..§5@§#
#####§####
#.......#
#.#K#.#.#
#.#.#.#.#
#.#...# #
#.#K.##
#.#.M#
#......


You could see an ufetubus.

Vanquished Creatures
  2 goblins (D:4)
2 creatures vanquished.

Notes
Turn   | Place    | Note
-------+----------+-------------------------------------------
     0 | D:5      | NinjaNoafa the Armataur Delver began the quest for the Orb.
     0 | D:5      | Reached XP level 1. HP: 19/19 MP: 1/1
    13 | D:5      | Noticed an ogre
    83 | D:4      | Noticed Menkaure
    84 | D:4      | Noticed Robin
    87 | D:4      | Slain by an ufetubus

Illustrated notes

Levels and vault maps discovered:
D:4:      layout_loops_cross, minmay_temple_entry_trees,
          gammafunk_ghost_mausoleum, uniq_edmund, uniq_robin, uniq_sigmund,
          uniq_natasha, uniq_pikel, uniq_menkaure
D:5:      layout_basic

Skill      XL: |  1 |
---------------+----+-----
Maces & Flails | 2 |  2.0
Fighting       | |  2.6
Dodging        | |  1.3
Stealth        | |  5.4

Action                     || total
---------------------------++-------
  Melee: Mace              ||    10
    Use: Scroll            ||     2
         Potion            ||     1
 Armour: Leather armour    ||     4
  Dodge: Dodged            ||    10
